[Event "Kadettallsvenskan 2018, sodra kvalet"]
[Site "Vegagatan 20, Gothenburg, Sweden"]
[Date "2018.04.14"]
[Round "1.1"]
[White "Bensryd, Hampus"]
[Black "Lindholm, Gustav"]
[Result "1-0"]
[TimeControl "45 minutes for the whole game + 10 seconds per move from move one."]
[WhiteFideId "1738330"]
[BlackFideId "1736515"]
[WhiteElo "1918"]
[BlackElo "1803"]

1. e4 d5 2. exd5 Qxd5 3. Nf3 Nf6 4. d4 c6 5. c4 Qd6 6. Be2 Bg4 7. O-O e6 8. Be3 Be7 9. Nc3 O-O 10.
Qd2 Qc7 11. a3 a5 12. Rac1 Rd8 13. Rfd1 Na6 14. h3 Bf5 15. Qe1 Rac8 16. Nh4 Bg6 17. Nxg6 hxg6 18. d5 Nc5 19. dxe6 Nxe6 20.
Na4 c5 21. Nc3 Qb6 22. Nb5 Ne4 23. Bf3 Nd6 24. Nxd6 Rxd6 25. Rxd6 Bxd6 26. Qc3 Be7 27. Qd2 Rd8 28. Qe2 Bf6 29.
Rc2 Nd4 30. Bxd4 Bxd4 31. Bd5 Qc7 32. Qf3 Re8 33. Re2 Rxe2 34. Qxe2 Be5 35. g3 b6 36. Kg2 Qe7 37. Qc2 Qf6 38.
b3 Bd4 39. Qe2 Qe5 40. Qc2 Qf6 41. f4 Kf8 42. Qe2 Qe7 43. Qxe7+ Kxe7 44. Kf3 Bb2 45. a4 Bd4 46. Ke4 Kf6 47.
g4 Bb2 48. Bb7 Bd4 49. Bc8 g5 50. f5 Be5 51. Kd5 Bc7 52. Kc6 Bd8 53. Kd7 Be7 54. Bb7 g6 55. Be4 Ke5 56. fxg6 fxg6 57.
Kxe7 Kxe4 58. Kf6 Kd3 59.
Kxg5 Kc3 60. h4 Kxb3 61. h5 gxh5 62.
gxh5 Kxc4 63. h6 Kb3 64. h7 c4 65. h8=Q Kxa4 66. Qc3 Kb5 67. Kf4 a4 68. Ke4 Kc5 69. Qa3+ Kb5 70. Kd4 Ka5 71. Kxc4 b5+ 72. Kc5 1-0

[Event "Kadettallsvenskan 2018, sodra kvalet"]
[Site "Vegagatan 20, Gothenburg, Sweden"]
[Date "2018.04.14"]
[Round "1.2"]
[White "Strom-Engdahl, Alexander"]
[Black "Morell, Ludvig"]
[Result "1/2-1/2"]
[TimeControl "45 minutes for the whole game + 10 seconds per move from move one."]
[WhiteFideId "1741586"]
[BlackFideId "1736779"]
[WhiteElo "1720"]
[BlackElo "1517"]

1. Nf3 c5 2. g3 Nf6 3. Bg2 Nc6 4. d4 cxd4 5. Nxd4 Nxd4 6. Qxd4 g6 7. Nc3 Bg7 8. O-O O-O 9. e4 d6 10.
Bg5 Qc7 11. Rfd1 Ng4 12. Qd2 Ne5 13. Nd5 Qc5 14. Nxe7+ Kh8 15. Nxc8 Raxc8 16. Be7 Rfe8 17. Bxd6 Qxc2 18. Bxe5 Bxe5 19.
Rab1 Qxd2 20. Rxd2 Red8 21. Rbd1 Rxd2 22. Rxd2 Rc1+ 23. Bf1 Ra1 24. f4 Bc7 25. b3 Kg7 26. e5 Ba5 27. Rc2 h5 28.
Kg2 Rd1 29. Be2 Rd5 30. Bf3 Rd7 31. a3 Rd3 32. b4 Bb6 33. a4 Rd7 34. a5 Bd8 35. Ra2 Be7 36. b5 b6 37. a6 Rd4 38.
Rc2 Bc5 39. Bc6 Rd1 40. Kh3 Rd4 41. Re2 Rd3 42. e6 Kf8 43. exf7 Be7 44. Be8 h4 45. Re6 hxg3 46. hxg3 Rd6 47.
Rxd6 Bxd6 48. Kg4 Kg7 49. Kf3 Kf6 50. g4 Ke6 51. Ke4 Bf8 52. f5+ gxf5+ 53. gxf5+ Kd6 54. Kf4 Bh6+ 55.
Kg4 Bf8 56. Kg5 Ke7 57. Kg6 Kd6 58. Kh7 Ke7 59. Kg8 Bh6 60. f6+ Kxf6 61. f8=Q+ Bxf8 62. Kxf8 Ke6 63. Bc6 Kd6 64. Ke8 Kc7 65. Be4 Kb8 66. Bd3 Ka8 67.
Ke7 Kb8 68. Be4 Kc7 69. Kf6 Kb8 70. Ke7 Kc7 71. Bf5 Kb8 72. Kd6 Ka8 73. Kc6 Kb8 74. Be4 Kc8 75. Bd5 Kb8 1/2-1/2

[Event "Kadettallsvenskan 2018, sodra kvalet"]
[Site "Vegagatan 20, Gothenburg, Sweden"]
[Date "2018.04.14"]
[Round "1.3"]
[White "Nord, Alexander"]
[Black "Ben Saeid, Aria"]
[Result "0-1"]
[TimeControl "45 minutes for the whole game + 10 seconds per move from move one."]
[WhiteFideId "1738135"]
[BlackFideId "1741691"]
[WhiteElo "1763"]
[BlackElo "1693"]

1. e4 e5 2. Nf3 Nc6 3. Bb5 a6 4. Bxc6 dxc6 5. O-O Bd6 6. d4 exd4 7. Qxd4 Ne7 8. Qxg7 Rg8 9. Qxh7 Bg4 10.
Ng5 Be6 11. Nxe6 fxe6 12. Qh5+ Ng6 13. f4 Qf6 14. e5 Bc5+ 15. Kh1 Qf7 16. Nc3 O-O-O 17. Ne4 Rh8 18. Qe2 Rxh2 19. Kxh2 Qh7 20.
Kg3 Qh4+ 21. Kf3 Qh5+ 22. g4 Qh3+ 23. Ng3 Nh4+ 24. Ke4 Rd4+ 25. Ke3 Qxg3+ 26. Rf3 Rxf4+ 0-1

[Event "Kadettallsvenskan 2018, sodra kvalet"]
[Site "Vegagatan 20, Gothenburg, Sweden"]
[Date "2018.04.14"]
[Round "1.4"]
[White "Hattab, Nuhad"]
[Black "Johansson, William"]
[Result "1-0"]
[TimeControl "45 minutes for the whole game + 10 seconds per move from move one."]
[WhiteFideId "1738992"]
[BlackFideId "1744070"]
[WhiteElo "1447"]
[BlackElo "1462"]

1. e4 e5 2. Nf3 Nc6 3. Nc3 Nf6 4. g3 d6 5. h3 Be7 6. Bg2 h6 7. O-O Be6 8. d3 Qd7 9. Kh2 g5 10.
d4 exd4 11. Nxd4 Nxd4 12. Qxd4 c5 13. Qe3 O-O-O 14. e5 Ne8 15. exd6 Bxd6 16. Ne4 Qc7 17. Qc3 Rf8 18. Be3 b6 19.
Nxd6+ Nxd6 20. a4 Nc4 21. b3 Nxe3 22. Qxe3 Rde8 23. Qf3 Bd7 24. Rfd1 f5 25. Qa8+ Qb8 26. Qxb8+ Kxb8 27. Rxd7 f4 28.
gxf4 Rxf4 29. Rb7+ Kc8 30. Rxa7 Rxf2 31. Ra8+ Kd7 32. Rxe8 Kxe8 33. Re1+ Kd7 34. c4 Rb2 35. Re3 h5 36.
Rg3 h4 37. Rxg5 Rxb3 38. Rg7+ Kd6 39. Rg6+ Kd7 40. Bc6+ Kc7 41. Bb5 Rb2 42. Rg2 Rb3 43. Rg7+ Kb8 44. Rh7 Rb2 45. Kg1 Rb1+ 46.
Kf2 Rb3 47. Rxh4 Rd3 48. Rh8+ Kc7 49. Rh7+ Kb8 50. h4 Kc8 51. h5 Rd6 52. h6 Rg6 53. Rh8+ Kc7 54. h7 Rh6 55. Kg3 Rg6+ 56.
Kh4 Rg1 57. Be8 Kd8 58. Bh5+ Ke7 59. Re8+ Kf6 60. h8=Q+ 1-0

[Event "Kadettallsvenskan 2018, sodra kvalet"]
[Site "Vegagatan 20, Gothenburg, Sweden"]
[Date "2018.04.14"]
[Round "1.5"]
[White "Petersson, David"]
[Black "Nordin, Oscar"]
[Result "0-1"]
[TimeControl "45 minutes for the whole game + 10 seconds per move from move one."]
[WhiteFideId "1738658"]
[BlackFideId "1742302"]
[WhiteElo "1414"]
[BlackElo "1359"]

1. e4 e5 2. Nf3 Nc6 3. Bc4 Nf6 4. Ng5 d5 5. exd5 Nxd5 6. d4 h6 7. Nxf7 Kxf7 8. Qf3+ Ke6 9. Nc3 Ncb4 10.
O-O c6 11. Re1 Qf6 12. Rxe5+ Kf7 13. Qe2 Be6 14. Bxd5 cxd5 15. Nb5 Bd7 16. Nc7 Rc8 17. Nxd5 Nxd5 18. Rxd5 Bc6 19. Ra5 Re8 20.
Qd1 Bb4 21. Bd2 Bxa5 22. Bxa5 Qg6 23. g3 Qe4 24. Qh5+ Kg8 25. f3 Qe3+ 26. Kg2 Rf8 27. Re1 Bxf3+ 28. Qxf3 Qxf3+ 29. Kh3 Rf5 30.
Re5 Rh5 31. Rxh5 Qxh5 32. Kg2 Kh7 33. Bc3 Re8 34. Kf2 Qe2+ 35. Kg1 Qe3+ 36. Kg2 Qe2+ 37. Kg1 Qd1+ 38. Kg2 Re2+ 39. Kh3 Qf1 40.
Kg4 Re4+ 41. Kh5 Qf5 0-1

[Event "Kadettallsvenskan 2018, sodra kvalet"]
[Site "Vegagatan 20, Gothenburg, Sweden"]
[Date "2018.04.14"]
[Round "1.6"]
[White "Jonsson, Jacob"]
[Black "Nilsson, Kajsa"]
[Result "1-0"]
[TimeControl "45 minutes for the whole game + 10 seconds per move from move one."]
[WhiteFideId "1726315"]
[BlackFideId "1725157"]
[WhiteElo "1871"]
[BlackElo "1693"]

1. d4 d5 2. c4 e6 3. Nc3 Be7 4. Nf3 Nf6 5. cxd5 exd5 6. Bg5 O-O 7. e3 h6 8. Bh4 c6 9. Bd3 Nbd7 10.
O-O b6 11. Rc1 Bb7 12. Qe2 Re8 13. Na4 c5 14. dxc5 Nxc5 15. Nxc5 Bxc5 16. Rfd1 Qe7 17. Bb1 Qe6 18. Nd4 Qe5 19.
Bxf6 Qxf6 20. Qc2 Bxd4 21. Rxd4 Rac8 22. Qh7+ Kf8 23. Rcd1 Qg5 24. h4 Qf6 25. Qd3 Qe5 26. Qa3+ Kg8 27.
Qxa7 Qc7 28. Qa3 Qe5 29. Qd3 Qf6 30. a3 Re5 31. Rf4 Qe6 32. Qh7+ Kf8 33. Qh8+ Ke7 34. Qxg7 Rxe3 35. Rxf7+ Qxf7 36.
Qxf7+ Kxf7 37. fxe3 Rg8 38.
Rd4 Ke6 39. Rb4 Ke5 40. Rxb6 Ba8 41. Rxh6 d4 42. exd4+ Kxd4 43. Rg6 Rh8 44. g3 Re8 45. Rd6+ Kc5 46. Rd1 Re2 47. b4+ Kb6 48.
Kf1 Rg2 49. Rd3 Rh2 50. Rb3 Bd5 51. Rd3 Bc4 52. Kg1 Rb2 53. Rd1 Be2 54. Re1 Bf3 55. Be4 Bg4 56. Rb1 Ra2 57. Rb3 Re2 58. Bf3 Bxf3 59. Rxf3 Ra2 60.
h5 Ra1+ 61. Kg2 Ra2+ 62. Kh3 Ra1 63.
Kg4 Rc1 64. a4 Rc4+ 65. Rf4 Rc1 66.
Kg5 Rg1 67. g4 Ra1 68. a5+ Kb5 69. h6 Rd1 70. h7 Rh1 71. Kg6 Rh2 72. Kg7 Ka6 73. h8=Q Rxh8 74. Kxh8 Kb7 75. b5 Ka7 76. Rf7+ Kb8 77. b6 Ka8 78.
a6 Kb8 79. Rf8# 1-0

[Event "Kadettallsvenskan 2018, sodra kvalet"]
[Site "Vegagatan 20, Gothenburg, Sweden"]
[Date "2018.04.14"]
[Round "1.7"]
[White "Nabbing, Oscar"]
[Black "Jonsson, Oscar"]
[Result "1/2-1/2"]
[TimeControl "45 minutes for the whole game + 10 seconds per move from move one."]
[WhiteFideId "1738313"]
[BlackFideId "1729977"]
[WhiteElo "1456"]
[BlackElo "1755"]

1. e4 e5 2. Nc3 Nf6 3. f4 d6 4. Nf3 Bg4 5. Be2 Nbd7 6. O-O Be7 7. d3 O-O 8. fxe5 dxe5 9. Qe1 Bc5+ 10. Kh1 Qe7 11. Bg5 Qe6 12. Bh4 h6 13. Bg3 c6 14. Nh4 Bxe2 15. Qxe2 Ne8 16. Nf3 Nef6 17. Bf2 Bxf2 18. Qxf2 Ng4 19. Qe2 Rad8 20. h3 Ngf6 21. a3 Nh5 22. Qf2 Nf4 23. Kh2 b6 24. Ne2 Nxe2 25. Qxe2 Nc5 26.
Rfd1 Qf6 27. Qf2 Ne6 28. g3 Nd4 29. Kg2 Rd6 30. Nxd4 Qxf2+ 31. Kxf2 exd4 32. Kg2 Re8 33. Rf1 Re5 34.
Rf2 a5 35. Raf1 Rd7 36. Rf5 Rde7 37. g4 f6 38. Kg3 Kf7 39. Rxe5 Rxe5 40. Rf5 Ke6 41. Kf4 g5+ 42. Kg3 Rxf5 43. exf5+ Ke5 44. Kf3 a4 45.
b3 b5 46. Kg3 Kd5 47. Kf3 c5 48. bxa4 bxa4 49. Ke2 Kd6 50. Kf3 Ke5 51. Kg3 Kd5 52. Kf3 c4 53. Ke2 c3 54. Kf3 Ke5 55.
Kg3 1/2-1/2

[Event "Kadettallsvenskan 2018, sodra kvalet"]
[Site "Vegagatan 20, Gothenburg, Sweden"]
[Date "2018.04.14"]
[Round "1.8"]
[White "Soderquist, Olof"]
[Black "Carlander-Strandang, Love"]
[Result "0-1"]
[TimeControl "45 minutes for the whole game + 10 seconds per move from move one."]
[WhiteFideId "1745093"]
[BlackFideId "1739689"]
[WhiteElo "1359"]
[BlackElo "1339"]

1. e4 e5 2. Nc3 Bc5 3.
Nf3 d6 4. Bc4 Nc6 5. b3 Nf6 6. Ng5 O-O 7. Nd5 Nxd5 8. exd5 Qxg5 9. O-O Nd4 10. g3 Qg6 11. Bd3 e4 12. Bc4 Bg4 13.
f3 Ne2+ 14. Kg2 exf3+ 15. Rxf3 Bxf3+ 16. Kxf3 Nd4+ 17. Kg2 Rfe8 18. Bd3 Qf6 19. Bb2 Qe5 20. Qg4 g6 21. c3 Qxd5+ 22. cxd4 0-1

[Event "Kadettallsvenskan 2018, sodra kvalet"]
[Site "Vegagatan 20, Gothenburg, Sweden"]
[Date "2018.04.14"]
[Round "1.9"]
[White "Olofsson, Klara"]
[Black "Sjo, Simon"]
[Result "0-1"]
[TimeControl "45 minutes for the whole game + 10 seconds per move from move one."]
[WhiteFideId "1745182"]
[BlackFideId "1738615"]
[WhiteElo "1221"]
[BlackElo "1340"]

1. d4 d5 2. Nf3 c5 3. e3 Bg4 4. Be2 Nc6 5. O-O Nf6 6. b3 e6 7. Bb2 Be7 8. Nbd2 O-O 9. Ne5 Bxe2 10.
Qxe2 Nxe5 11. dxe5 Nd7 12. f4 a6 13. Qg4 g6 14. f5 h5 15. Qg3 Bh4 16. Qf4 exf5 17. Nf3 Be7 18. Qh6 Rc8 19.
e6 Nf6 20. Ng5 d4 21. exf7+ Rxf7 22. Qxg6+ Rg7 23. Qxg7+ Kxg7 24. Ne6+ Kg6 25. Nxd8 Rxd8 26. exd4 cxd4 27. Rf4 Ne4 28.
Raf1 Rd5 29. g3 Bg5 30. Bc1 Bxf4 31. Bxf4 Nc3 32. a3 d3 33. cxd3 Rxd3 34. Re1 Ne4 35. Re3 Rd1+ 36. Kg2 Rd2+ 37.
Kf3 Rf2# 0-1

[Event "Kadettallsvenskan 2018, sodra kvalet"]
[Site "Vegagatan 20, Gothenburg, Sweden"]
[Date "2018.04.14"]
[Round "2.1"]
[White "Nilsson, Kajsa"]
[Black "Szczepanowski, Tomasz"]
[Result "0-1"]
[TimeControl "45 minutes for the whole game + 10 seconds per move from move one."]
[WhiteFideId "1725157"]
[BlackFideId "21800286"]
[WhiteElo "1693"]
[BlackElo "1913"]

1. e4 c5 2. c3 Nf6 3. e5 Nd5 4. d4 e6 5. Nf3 cxd4 6. cxd4 d6 7. Bc4 dxe5 8. dxe5 Bb4+ 9. Bd2 Bxd2+ 10. Nbxd2 O-O 11. O-O Nd7 12. Re1 N7b6 13. Bb3 Bd7 14. Ne4 Bc6 15. Rc1 Qe7 16. Nd4 Rac8 17. Nd6 Rc7 18. Nxc6 Rxc6 19.
Rxc6 bxc6 20. Qc2 Qg5 21. Qxc6 Nf4 22. Qf3 Nd7 23. Nc4 f6 24. exf6 Rxf6 25. Qg3 Ne2+ 26. Kh1 Nxg3 27. hxg3 Rxf2 28.
Ne3 Qxg3 29. Bxe6+ Kf8 30. Bxd7 Rxb2 31. Rf1+ Rf2 32. Re1 Rf7 33. Rc1 Rxd7 34. Nf5 Qf4 35. Rc8+ Kf7 36. Ng3 Rd1 37.
Kh2 Qh4 0-1

[Event "Kadettallsvenskan 2018, sodra kvalet"]
[Site "Vegagatan 20, Gothenburg, Sweden"]
[Date "2018.04.14"]
[Round "2.6"]
[White "Rasti, Arvin"]
[Black "Strom, Emil"]
[Result "1-0"]
[TimeControl "45 minutes for the whole game + 10 seconds per move from move one."]
[WhiteFideId "1741160"]
[BlackFideId "1744194"]
[WhiteElo "1920"]
[BlackElo "1155"]

1. d4 d5 2. c4 Nf6 3. cxd5 Nxd5 4. e4 Nf6 5. Nc3 Nc6 6. Bb5 Bd7 7. e5 Ng8 8. f4 f6 9. e6 Bxe6 10.
d5 Bxd5 11. Qxd5 Qxd5 12. Nxd5 Rc8 13. Nb4 Kd7 14. Be3 a6 15. O-O-O+ Ke8 16. Nxa6 bxa6 17. Bxc6+ Kf7 18. f5 e6 19. fxe6+ Kxe6 20. Bd7+ Kf7 21.
Bxc8 Bd6 22. Bxa6 Ne7 23. Ne2 Nf5 24. Bf4 Bxf4+ 25. Nxf4 Ne3 26. Rd7+ Ke8 27. Bb5 1-0

[Event "Kadettallsvenskan 2018, sodra kvalet"]
[Site "Vegagatan 20, Gothenburg, Sweden"]
[Date "2018.04.14"]
[Round "3.1"]
[White "Nilsson, Kajsa"]
[Black "Rasti, Arvin"]
[Result "0-1"]
[TimeControl "45 minutes for the whole game + 10 seconds per move from move one."]
[WhiteFideId "1725157"]
[BlackFideId "1741160"]
[WhiteElo "1693"]
[BlackElo "1920"]

1. e4 c5 2. c3 Nf6 3. e5 Nd5 4. d4 cxd4 5. Nf3 Nc6 6. cxd4 d6 7. Bc4 Nb6 8. Bb3 e6 9. O-O Be7 10.
Nc3 O-O 11. Bf4 Nb4 12. Rc1 dxe5 13. dxe5 Nd3 14. Bg3 Nxc1 15. Qxc1 Bd7 16. Rd1 Qc7 17. Qe3 Bc6 18. Rc1 Bxf3 19.
Qxf3 Qc6 20. Qe3 Rac8 21. Bf4 Rfd8 22. Qg3 Nd5 23. Bh6 g6 24. h4 Nxc3 25. Rxc3 Qe4 26. h5 Bh4 27. Rxc8 Qe1+ 28.
Kh2 Bxg3 29. fxg3 Rxc8 30. hxg6 hxg6 31. Bf4 g5 32. Bxg5 Qxe5 33. Bh4 Qxb2 34. Kh3 Rc1 35. Kh2 Qb1 36.
g4 Rh1 37. Kg3 Qe1+ 38. Kf4 Qxh4 39. g3 Rf1+ 40. Ke4 Qxg4+ 41. Ke5 Qxg3+ 42. Kd4 Rf5 43. Kc4 Qg4+ 44. Kc3 Rf3+ 45. Kb2 Qd4+ 46.
Ka3 Qc5+ 47. Kb2 Rf2+ 48. Kb1 Qc3 49. Bxe6 Qb2# 0-1

[Event "Kadettallsvenskan 2018, sodra kvalet"]
[Site "Vegagatan 20, Gothenburg, Sweden"]
[Date "2018.04.14"]
[Round "3.2"]
[White "Olsson, William"]
[Black "Carlander-Strandang, Love"]
[Result "1-0"]
[TimeControl "45 minutes for the whole game + 10 seconds per move from move one."]
[WhiteFideId "1741721"]
[BlackFideId "1739689"]
[WhiteElo "2178"]
[BlackElo "1339"]

1. Nf3 d5 2. d4 Bf5 3. e3 e6 4. c4 Nf6 5. Qb3 b6 6. cxd5 Qxd5 7. Bc4 Qd6 8. Nc3 Nbd7 9. O-O a6 10.
a4 Qb4 11. Nh4 Qxb3 12. Bxb3 Bg4 13. h3 Bh5 14. e4 g5 15. Bxg5 Bg7 16. e5 Ng8 17. Ne4 Ne7 18. Ng3 Rg8 19.
Bxe7 Kxe7 20. Nxh5 Bh6 21. f4 f6 22. Nxf6 Nxf6 23. exf6+ Kxf6 24. Rae1 Rge8 25. f5 e5 26. dxe5+ Rxe5 27.
Rxe5 Kxe5 28. f6 Rf8 29. f7 Kd6 30. Rf6+ Ke7 31. Rxh6 a5 32. Rxh7 c5 33. Ng6+ 1-0

[Event "Kadettallsvenskan 2018, sodra kvalet"]
[Site "Vegagatan 20, Gothenburg, Sweden"]
[Date "2018.04.14"]
[Round "3.3"]
[White "Nabbing, Oscar"]
[Black "Torngren, Gustav"]
[Result "0-1"]
[TimeControl "45 minutes for the whole game + 10 seconds per move from move one."]
[WhiteFideId "1738313"]
[BlackFideId "1728970"]
[WhiteElo "1456"]
[BlackElo "1906"]

1. e4 c5 2. Nc3 b6 3. f4 Bb7 4.
Nf3 e6 5. Bc4 d6 6. d3 Nf6 7. O-O a6 8. a3 Be7 9. Qe1 O-O 10. e5 dxe5 11. fxe5 Nd5 12. Qg3 Kh8 13. d4 cxd4 14. Nxd4 Bc5 15.
Rd1 Nc6 16. Nce2 b5 17. Bxd5 Qxd5 18. c3 Qxe5 19. Qxe5 Nxe5 20. Bf4 Ng6 21. Be3 Rad8 22. Kh1 Nh4 23. Nc2 Bxg2 24. Kg1 Bxe3+ 25. Nxe3 Bf3 26. Re1 Rd2 27. Nf4 Rxb2 28. c4 Bc6 29. Red1 Nf3+ 30. Kf1 Nxh2+ 31. Kg1 Nf3+ 32. Kf1 Nd2+ 33.
Ke1 Nf3+ 34. Kf1 bxc4 35. Nxc4 Bb5 36. Rdc1 Bxc4+ 37. Rxc4 Nd2+ 38. Ke1 Nxc4 39. Nd3 Rh2 40. Nf2 Ne5 41.
Ke2 Ng4 42. Rf1 Rxf2+ 43. Rxf2 Nxf2 0-1

[Event "Kadettallsvenskan 2018, sodra kvalet"]
[Site "Vegagatan 20, Gothenburg, Sweden"]
[Date "2018.04.14"]
[Round "3.4"]
[White "Torngren, Alexander"]
[Black "Olofsson, Klara"]
[Result "0-1"]
[TimeControl "45 minutes for the whole game + 10 seconds per move from move one."]
[WhiteFideId "1728962"]
[BlackFideId "1745182"]
[WhiteElo "1214"]
[BlackElo "1221"]

1. e4 c5 2. Nf3 Nc6 3. d4 cxd4 4. Nxd4 Nf6 5. Nc3 e5 6. Nf3 Bb4 7. Bd2 O-O 8. Bd3 d5 9. O-O Bxc3 10.
bxc3 dxe4 11. Be2 exf3 12. Bxf3 Bf5 13. Re1 Re8 14. g3 Re6 0-1

[Event "Kadettallsvenskan 2018, sodra kvalet"]
[Site "Vegagatan 20, Gothenburg, Sweden"]
[Date "2018.04.14"]
[Round "3.6"]
[White "Lindholm, Gustav"]
[Black "Szczepanowski, Tomasz"]
[Result "0-1"]
[TimeControl "45 minutes for the whole game + 10 seconds per move from move one."]
[WhiteFideId "1736515"]
[BlackFideId "21800286"]
[WhiteElo "1803"]
[BlackElo "1913"]

1. d4 Nf6 2. c4 e5 3. dxe5 Ng4 4. Bf4 Nc6 5. Nf3 Bb4+ 6. Nbd2 Qe7 7. e3 Ngxe5 8. Nxe5 Nxe5 9. a3 Bxd2+ 10. Qxd2 d6 11. Be2 O-O 12. O-O b6 13. Rad1 Bb7 14. f3 Rae8 15. Qc2 Ng6 16. Bd3 Nxf4 17. exf4 Qe3+ 18. Kh1 Qxf4 19.
Bxh7+ Kh8 20. Bf5 Re5 21. Bh3 Rfe8 22. Qc3 Re2 23. Rd4 Rf2 24. Rg1 Qh6 25. Rd3 Ree2 26. Re1 Bxf3 27. Rxf3 Rxf3 28.
Qc1 Qxc1 29. Rxc1 Rfe3 30. Kg1 Re1+ 31. Rxe1 Rxe1+ 32. Kf2 Rb1 0-1

[Event "Kadettallsvenskan 2018, sodra kvalet"]
[Site "Vegagatan 20, Gothenburg, Sweden"]
[Date "2018.04.15"]
[Round "4.1"]
[White "Lindholm, Gustav"]
[Black "Nilsson, Kajsa"]
[Result "1-0"]
[TimeControl "45 minutes for the whole game + 10 seconds per move from move one."]
[WhiteFideId "1736515"]
[BlackFideId "1725157"]
[WhiteElo "1803"]
[BlackElo "1693"]

1. d4 d5 2. c4 e6 3. Nc3 Be7 4. Nf3 Nf6 5. Bg5 O-O 6.
e3 Nbd7 7. Qc2 h6 8. Bh4 c6 9. Bd3 dxc4 10. Bxc4 b5 11. Bd3 Bb7 12. O-O a6 13.
Rfd1 Re8 14. Rac1 Qb6 15. Ne4 Rac8 16. Nc5 Ba8 17. Ne5 Nd5 18. Bh7+ Kf8 19.
Nexd7# 1-0

[Event "Kadettallsvenskan 2018, sodra kvalet"]
[Site "Vegagatan 20, Gothenburg, Sweden"]
[Date "2018.04.15"]
[Round "4.2"]
[White "Nabbing, Oscar"]
[Black "Strom-Engdahl, Alexander"]
[Result "0-1"]
[TimeControl "45 minutes for the whole game + 10 seconds per move from move one."]
[WhiteFideId "1738313"]
[BlackFideId "1741586"]
[WhiteElo "1456"]
[BlackElo "1720"]

1. e4 Nf6 2. Nc3 d5 3. e5 Ng8 4. d4 e6 5. Bd3 c5 6. Nf3 Nc6 7. Bb5 Nge7 8. Bxc6+ Nxc6 9. Ne2 Qb6 10.
c3 Bd7 11. Rb1 Rc8 12. Be3 Be7 13. O-O O-O 14. Qd3 cxd4 15. Nfxd4 Nxe5 16. Qd2 Nc4 17. Qc1 Nxe3 18. Qxe3 Bf6 19.
h3 e5 20. Nc2 Bf5 21. Qxb6 axb6 22. Rbc1 Bd3 23. Rfe1 Bg5 24. Kf1 Bxc1 25. Rxc1 d4 26. Ke1 Bxe2 27. Kxe2 dxc3 28. Rb1 cxb2 29. Rxb2 Rfd8 30. Ne3 Rc6 31. Rb5 f6 32. Kf3 Kf7 33. Nd5 Rc5 34.
Rxc5 bxc5 35. Ke4 c4 36.
g4 Rxd5 37. Kxd5 c3 38. Kd4 0-1

[Event "Kadettallsvenskan 2018, sodra kvalet"]
[Site "Vegagatan 20, Gothenburg, Sweden"]
[Date "2018.04.15"]
[Round "4.3"]
[White "Hattab, Nuhad"]
[Black "Carlander-Strandang, Love"]
[Result "0-1"]
[TimeControl "45 minutes for the whole game + 10 seconds per move from move one."]
[WhiteFideId "1738992"]
[BlackFideId "1739689"]
[WhiteElo "1447"]
[BlackElo "1339"]

1. e4 e5 2. Nf3 Nc6 3. Nc3 Nf6 4. g3 d5 5. exd5 Nxd5 6. d3 Bc5 7. h3 O-O 8. Bg2 Nxc3 9. bxc3 Re8 10.
O-O Bf5 11. Bb2 Qd7 12. Kh2 Rad8 13. Nh4 Be6 14. c4 Nd4 15. Nf3 f6 16. Nxd4 Bxd4 17. Bxd4 exd4 18. Re1 c6 19. Qh5 Bf5 20. Rxe8+ Rxe8 21. Qd1 a6 22. Qd2 Qe6 0-1

[Event "Kadettallsvenskan 2018, sodra kvalet"]
[Site "Vegagatan 20, Gothenburg, Sweden"]
[Date "2018.04.15"]
[Round "4.6"]
[White "Nguyen, Gabriel"]
[Black "Bensryd, Hampus"]
[Result "1/2-1/2"]
[TimeControl "45 minutes for the whole game + 10 seconds per move from move one."]
[WhiteFideId "1720791"]
[BlackFideId "1738330"]
[WhiteElo "2024"]
[BlackElo "1918"]

1. d4 d5 2. Bf4 Nf6 3. Nc3 a6 4. e3 Bf5 5. Bd3 Bxd3 6. Qxd3 Nc6 7. a3 e6 8. Nf3
Bd6 9. Bg5 h6 10. Bxf6 Qxf6 11. O-O h5 12. e4 h4 13. e5 Qh6 14. h3 Be7 15. Ne2
f6 16. Rad1 fxe5 17. dxe5 g5 18. Ned4 Nxd4 19. Nxd4 g4 20.
hxg4 h3 21. Qxh3 Qxh3 22. gxh3 Rxh3 23. Nxe6 Kd7 24. Nf4 Rf3 25. Rxd5+ Kc6 26. Rd4 Rg8 1/2-1/2

[Event "Kadettallsvenskan 2018, sodra kvalet"]
[Site "Vegagatan 20, Gothenburg, Sweden"]
[Date "2018.04.15"]
[Round "4.7"]
[White "Nord, Alexander"]
[Black "Batra, Sahil"]
[Result "1-0"]
[TimeControl "45 minutes for the whole game + 10 seconds per move from move one."]
[WhiteFideId "1738135"]
[BlackFideId "1745158"]
[WhiteElo "1763"]
[BlackElo "1487"]

1. c4 d5 2. cxd5 Qxd5 3. Nc3 Qc5 4. d4 Qb6 5. Bf4 Bf5 6. e4 Bg6 7. Nb5 e5 8.
Bxe5 Bd6 9. Bxd6 cxd6 10.
f3 Nc6 11. Bc4 Nf6 12. Ne2 O-O 13. Nec3 Rfe8 14.
O-O a6 15. Nxd6 Re7 16. Kh1 Nxd4 17. b3 Qxd6 18. Nd5 Nxd5 19.
Bxd5 Nb5 1-0

[Event "Kadettallsvenskan 2018, sodra kvalet"]
[Site "Vegagatan 20, Gothenburg, Sweden"]
[Date "2018.04.15"]
[Round "4.8"]
[White "Larsson, Mille"]
[Black "Morell, Ludvig"]
[Result "1/2-1/2"]
[TimeControl "45 minutes for the whole game + 10 seconds per move from move one."]
[WhiteFideId "1749137"]
[BlackFideId "1736779"]
[WhiteElo "1374"]
[BlackElo "1517"]

1. e4 e5 2. Nf3 Nc6 3. Bc4 Bc5 4. O-O d6 5. c3 Bg4 6. h3 Bh5 7. g4 Bg6 8. d4
exd4 9. cxd4 Bb4 10. Qb3 Nh6 11. Nc3 Qf6 12. Nd5 1/2-1/2

[Event "Kadettallsvenskan 2018, sodra kvalet"]
[Site "Vegagatan 20, Gothenburg, Sweden"]
[Date "2018.04.15"]
[Round "4.9"]
[White "Johansson, William"]
[Black "Sahlstrom, Alex"]
[Result "1-0"]
[TimeControl "45 minutes for the whole game + 10 seconds per move from move one."]
[WhiteFideId "1744070"]
[BlackFideId "1739590"]
[WhiteElo "1462"]
[BlackElo "1351"]

1. d4 Nf6 2. Bf4 d6 3. Nc3 Nbd7 4. e4 e5 5. dxe5 dxe5 6. Bg5 c6 7. Nf3 Be7 8. Be2 Qc7 9. O-O Nc5 10.
Bxf6 Bxf6 11. b4 Ne6 12.
Rc1 Nf4 13. Nd2 Qd6 14. a3 Bg5 15. Nc4 Qh6 16.
Nd6+ Kf8 17. Rb1 Nxe2+ 18. Nxe2 Bg4 19. f3 Be3+ 20. Kh1 Bf4 21. Nxf4 exf4 22.
fxg4 Rd8 23. e5 f6 24. Qf3 fxe5 25. Nf5 Qf6 26. Rbd1 g6 27. Rxd8+ Qxd8 28. Ne3 Kg7 29. Nc4 Qd4 30.
Qd3 Qxd3 31. cxd3 Rd8 32. Nxe5 Kf6 33. Re1 Rxd3 34. Nxd3 1-0

[Event "Kadettallsvenskan 2018, sodra kvalet"]
[Site "Vegagatan 20, Gothenburg, Sweden"]
[Date "2018.04.15"]
[Round "5.1"]
[White "Lindholm, Gustav"]
[Black "Rasti, Arvin"]
[Result "0-1"]
[TimeControl "45 minutes for the whole game + 10 seconds per move from move one."]
[WhiteFideId "1736515"]
[BlackFideId "1741160"]
[WhiteElo "1803"]
[BlackElo "1920"]

1. d4 d5 2. c4 c6 3. Nf3 e6 4. e3 Nf6 5. Nc3 a6 6. Qc2 Nbd7 7. Bd2 b5 8. cxb5 cxb5 9. Bd3 Bb7 10.
Rc1 Rc8 11. Qb1 Bd6 12. O-O O-O 13. Rfd1 Nb6 14. a3 h6 15. e4 dxe4 16. Nxe4 Rxc1 17. Rxc1 Nxe4 18. Bxe4 Bxe4 19. Qxe4 Nc4 20.
Bc3 Qd7 21. Nd2 Rc8 22. Nxc4 Rxc4 23. Qa8+ Qc8 24. Qxc8+ Rxc8 25. Bd2 Rd8 26. Be3 Be7 27. Rc6 e5 28. Rxa6 exd4 29. Bd2 Rc8 30.
Ra7 Bf6 31. Kf1 Rc2 32. Ke1 Rxb2 33. Rd7 0-1